AoeStats
← ZORRRO

Fortress

510399939Analyzed
1v1 RM · 3d ago on Sep 30, 2026· 22m 10s· 2 players
Game mode
Random Map
Map size
Small (3 player)
Population
200
Speed
Normal
Resources
Standard
Victory
Conquest
Starting age
Dark Age
Ending age
Imperial Age
RankedLock teamsTeams togetherTeam positionsShared explorationLock speedFull tech treeHidden civsTurbo modeCheats
Victory
Defeat
🇸🇪 Wu · Sweden
953
+16
🇵🇪 Bohemians · Peru
948
-16
Kota7
6:20 Loom
8:34 Feudal Age
12:47 Castle Age
11:00 Double-Bit Axe
10:58 Horse Collar
12:22 Fletching
14:23 Bow Saw
ZORRRO
7:50 Feudal Age
11:32 Castle Age
9:58 Double-Bit Axe
10:05 Horse Collar
15:14 Fletching
16:38 Forging
17:24 Loom
18:18 Gold Mining
19:24 Squires
23:01 Wheelbarrow
22:30 Scale Mail Armor
Connection lost

Rejoining the realm…

Still unreachable

The connection could not be restored.

Session expired

The server has moved on; the page needs a fresh start.